 Dungeon Crawl Stone Soup version 0.25-a0-41-g6cf4ce537d (webtiles) character file.

Game seed: 16939094009430990014, levelgen mode: deterministic

287 Alarkh the Slasher (level 6, 47/47 HPs)
             Began as a Demonspawn Fighter on Oct 21, 2019.
             Got out of the dungeon alive.
             The game lasted 00:01:49 (3060 turns).

Alarkh the Slasher (Demonspawn Fighter)             Turns: 3060, Time: 00:01:50

Health: 47/47      AC:  6    Str: 16    XL:     6   Next: 8%
Magic:  6/6        EV:  6    Int: 11    God:
Gold:   150        SH: 14    Dex: 13    Spells: 5/5 levels left

rFire    . . .     SeeInvis .   a - +0 long sword
rCold    . . .     Gourm    .   c - +0 shield
rNeg     . . .     Faith    .   b - +0 scale mail
rPois    .         Spirit   +   (no helmet)
rElec    .         Reflect  .   (no cloak)
rCorr    .         Harm     .   (no gloves)
MR       .....                  (no boots)
Stlth    ..........             v - amulet of guardian spirit
HPRegen  0.15/turn              (no ring)
MPRegen  0.10/turn              (no ring)

@: no status effects
A: hooves 1, large bone plates 2, spiny 1
a: no special abilities


You escaped.
You were not hungry.

You visited 1 branch of the dungeon, and saw 4 of its levels.

You collected 150 gold pieces.

Inventory:

Hand Weapons
 a - a +0 long sword (weapon)
Armour
 b - a +0 scale mail (worn)
 c - a +0 shield (worn)
Jewellery
 v - an amulet of guardian spirit (around neck)
Scrolls
 e - 5 scrolls of identify {unknown}
 g - a scroll of immolation {unknown}
 i - 4 scrolls of teleportation {unknown}
 j - a scroll of remove curse {unknown}
 l - 2 scrolls of enchant armour {unknown}
 s - a scroll of fog {unknown}
 t - a scroll of magic mapping {unknown}
Potions
 d - a potion of might
 h - a potion of experience {unknown}
 k - a potion of haste {unknown}
 m - a potion of lignification {unknown}
 n - a potion of flight {unknown}
 o - 2 potions of brilliance {unknown}
 p - a potion of curing {unknown}
 q - a potion of heal wounds {unknown}
 r - 2 potions of agility {unknown}
Comestibles
 f - 9 rations
 u - 8 chunks of flesh


   Skills:
 - Level 3.0 Fighting
 + Level 5.9 Long Blades
 - Level 2.6 Armour
 - Level 2.6 Shields


You had 5 spell levels left.
You didn't know any spells.
Your spell library was empty.

Dungeon Overview and Level Annotations

Branches:
Dungeon (4/15)
 Temple: D:4-7

Altars:
Ashenzari
Gozag
The Shining One


Innate Abilities, Weirdness & Mutations

You have large cloven feet.
You are mostly covered in large bone plates. (SH +6)
You are partially covered in sharp spines.


Message History

a +0 hand axe; a cursed +0 ring mail; an orc skeleton You see here a jackal skeleton.
You see here a jackal skeleton.
There is a stone staircase leading up here.
You climb upwards.
There is a stone staircase leading down here.
(D) Dungeon
Where to? (Enter - D:4 @ (x,y), ? - help)
What level of the Dungeon? (default 1, ? - help) Magic restored.
There is a stone staircase leading up here.
You climb upwards.
There is a stone staircase leading down here.
There is a stone staircase leading up here.
You climb upwards.
There is a stone staircase leading down here.
There is an open door here.
There is a staircase leading out of the dungeon here.
Are you sure you want to leave the Dungeon?
This will make you lose the game!
You have escaped!

#.#######..###########.#.#
#.#.#...#.###.##..# #.#.#
#.#...#.#...#..#.## #.#.#
#.#####.###.##.#..# #.#.#
#.##....#....#.##.####.#.#
#.#..##.#..#......#....#.#
#[####..#..#########..(#.##
#..#...###.#...#.......#...
#..#.#....@....#.#.......##
#....#...#.###...###......#
##########..#..#####......#
#......#..#.##..##....>.#
#.##.#....#....###.......
#..#.##.###.######.....##
##.#..#...#.#...##.....##
#..##.###(#...#.#......##
#######...#######.#....##


There were no monsters in sight!

Vanquished Creatures
  A hound (D:2)
  A centaur skeleton (D:4)
  Terence (D:2)
  A hound skeleton (D:3)
  9 adders
  3 oozes
  An adder skeleton (D:4)
  2 worms (D:2)
  5 dart slugs
  2 leopard geckos
  An orc (D:4)
  2 giant cockroaches
  8 hobgoblins
  10 jackals
  8 kobolds
  A quokka (D:2)
  12 bats
  4 frilled lizards
  4 goblins
  6 rats
82 creatures vanquished.

Notes
Turn   | Place    | Note
-------+----------+-------------------------------------------
     0 | D:1      | Alarkh the Demonspawn Fighter began the quest for the Orb.
     0 | D:1      | Reached XP level 1. HP: 18/18 MP: 1/1
    18 | D:1      | Reached skill level 2 in Long Blades
   276 | D:1      | Gained mutation: You are partially covered in sharp spines.
                  | [demonic ancestry]
   276 | D:1      | Reached XP level 2. HP: 22/24 MP: 2/2
   471 | D:1      | Reached skill level 3 in Long Blades
   536 | D:1      | Gained mutation: You are partially covered in large bone
                  | plates. (SH +4) [demonic ancestry]
   536 | D:1      | Reached XP level 3. HP: 19/29 MP: 3/3
  1258 | D:2      | Reached skill level 4 in Long Blades
  1258 | D:2      | Gained mutation: You are mostly covered in large bone
                  | plates. (SH +6) [demonic ancestry]
  1258 | D:2      | Reached XP level 4. HP: 20/35 MP: 4/4
  1397 | D:2      | Found a faded altar of an unknown god.
  1401 | D:2      | Noticed Terence
  1405 | D:2      | Killed Terence
  1594 | D:2      | Found a shattered altar of Ashenzari.
  1713 | D:2      | Found a glowing golden altar of the Shining One.
  1748 | D:2      | Reached XP level 5. HP: 41/41 MP: 5/5
  1800 | D:2      | Reached skill level 5 in Long Blades
  2607 | D:3      | Found an opulent altar of Gozag.
  2931 | D:4      | Gained mutation: You have large cloven feet. [demonic
                  | ancestry]
  2931 | D:4      | Reached XP level 6. HP: 44/47 MP: 6/6
  3060 | D:$      | Got out of the dungeon alive.

Levels and vault maps discovered:
D:1:      psy_arrival_radial01, layout_basic
D:2:      layout_loops_ring, marbit_many_paths,
          chequers_ecumenical_altar_simple, nicolae_ashenzari_panopticon,
          uniq_terence
D:3:      layout_basic, nicolae_overflow_hidden_temple, first_ration
D:4:      layout_basic

Skill      XL: |  1  2  3  4  5 |
---------------+----------------+-----
Long Blades    | 2 3 4 5 |  5.9
Fighting       | |  3.0
Armour         | |  2.6
Shields        | |  2.6

Action                   |  1- 3 |  4- 6 || total
-------------------------+-------+-------++-------
Melee: Long sword        |    87 |   142 ||   229
       Kick              |       |     2 ||     2
  Eat: Chunk             |     1 |     6 ||     7
Armor: Scale mail        |    32 |    25 ||    57
Dodge: Dodged            |    20 |    16 ||    36
Block: Shield            |    66 |   128 ||   194
       Rpst.: Long sword |     3 |     4 ||     7

Table legend:
 A = Non-vault XP
 B = Vault XP
 C = Vault XP percentage of total XP
 D = Non-vault monster count
 E = Vault monster count
 F = Vault count percentage of total count
                 A         B        C        D         E       F
            +---------+---------+-------+---------+---------+-------
      Total |     373 |      37 |   9.0 |      80 |       2 |   2.4
            +---------+---------+-------+---------+---------+-------
        D:1 |      67 |       0 |   0.0 |      29 |       0 |   0.0
        D:2 |     154 |      37 |  19.4 |      23 |       2 |   8.0
        D:3 |      71 |       0 |   0.0 |      19 |       0 |   0.0
        D:4 |      81 |       0 |   0.0 |       9 |       0 |   0.0
            +---------+---------+-------+---------+---------+-------
